 Dungeon Crawl Stone Soup version 0.30.1-11-g7821555f0a (webtiles) character file.

Game seed: 9901864051464259243

89 fireball365 the Covered (level 4, 0/40 HPs)
             Began as a Minotaur Fighter on Oct 30, 2023.
             Was an Initiate of Gozag.
             Succumbed to a goblin's poison
             ... on level 3 of the Dungeon.
             The game lasted 00:04:01 (1690 turns).

fireball365 the Covered (Minotaur Fighter)          Turns: 1690, Time: 00:04:01

Health: 0/40       AC: 12    Str: 23    XL:     4   Next: 31%
Magic:  3/3        EV:  6    Int:  5    God:    Gozag
Gold:   257        SH:  4    Dex:  9    Spells: 3/3 levels left

rFire   . . .        a - +0 war axe
rCold   . . .        c - +0 buckler
rNeg    . . .        l - +0 plate armour
rPois   +            (helmet restricted)
rElec   .            (no cloak)
rCorr   .            (no gloves)
SInv    .            (no boots)
Will    .....        (no amulet) Stlth
                     k - ring of poison resistance
HPRegen 0.26/turn    (no ring)
MPRegen 0.08/turn

%: no passive effects
@: lethally poisoned (0 -> -3), gold aura
A: horns 2, retaliatory headbutt
a: Renounce Religion, Potion Petition, Call Merchant, Bribe Branch


You were on level 3 of the Dungeon.
You worshipped Gozag.
Gozag was aware of your devotion.
You visited 1 branch of the dungeon, and saw 3 of its levels.

You collected 288 gold pieces.
You paid 31 gold pieces to Gozag.

Inventory:

Hand Weapons
 a - a +0 war axe (weapon)
Armour
 b - a +0 scale mail
 c - a +0 buckler (worn)
 l - a +0 plate armour (worn)
Jewellery
 k - a ring of poison resistance (left hand)
Scrolls
 e - 2 scrolls of immolation {unknown}
 f - a scroll of enchant weapon {unknown}
 g - a scroll of magic mapping {unknown}
 h - 2 scrolls of teleportation
 j - a scroll of identify {unknown}
 m - a scroll of blinking {unknown}
Potions
 d - a potion of might
 i - a potion of curing {unknown}


   Skills:
 + Level 4.2 Fighting
 + Level 3.1 Axes
 + Level 5.0 Armour
 + Level 0.4 Dodging
 + Level 0.2 Stealth
 + Level 4.0 Shields


You had 3 spell levels left.
You didn't know any spells.
Your spell library was empty.

Dungeon Overview and Level Annotations

Branches:
Dungeon (3/15)

Altars:
Gozag


Innate Abilities, Weirdness & Mutations

You have a pair of horns on your head.
You reflexively headbutt those who attack you in melee.


Message History

The poisoned dart completely misses you.
The gnoll shouts!
You hear a shout!
The goblin throws a poisoned dart.
The poisoned dart hits you!
You are poisoned.
A gnoll comes into view. It is wielding a +0 whip.
You feel very sick.
The gnoll shouts!
The goblin throws a poisoned dart.
The poisoned dart hits you!
You are more poisoned.
A gnoll comes into view. It is wielding a +0 flail.
Found a stone staircase leading up.
You feel very sick.
The gnoll shouts!
You block the gnoll's attack.
You slash the goblin!
You kill the goblin!
You feel very sick. The gnoll closely misses you.
The gnoll hits you but does no damage.
You feel sick. The gnoll hits you with a +0 halberd!
The gnoll throws a throwing net.
The throwing net closely misses you.
Things that are here:
5 gold pieces; a +0 club; 3 poisoned darts
Found a mace.
You feel sick. The gnoll hits you with a +0 whip. You block the gnoll's attack.
You slash the gnoll!
You kill the gnoll!
You slash the gnoll! You hit the gnoll but do no damage.
You feel sick. The gnoll hits you but does no damage.
The gnoll hits you with a +0 halberd!
* * * LOW HITPOINT WARNING * * *
Your Armour skill increases to level 5!
* * * LOW HITPOINT WARNING * * *
You feel sick. The gnoll hits you with a +0 halberd.
* * * LOW HITPOINT WARNING * * *
Things that are here:
6 gold pieces; a +0 flail You slash the gnoll!
You kill the gnoll!
You hit the gnoll.
You die...
Your body crumbles into a pile of gold.

#......###.#.......###.
#.............####.# ..
#.....(?......# #.# ##
#.............# #.#
#.............# #[#
#......###+#### #.#
#.....$# #..
####.g$###.# #...@....#
#........# #........#
#........# #.<......#
.........# #........)#
.......####


You could see a gnoll.

Vanquished Creatures
  2 gnolls (D:3)
  2 adders (D:2)
  2 dart slugs (D:1)
  An orc (D:2)
  6 bats
  8 endoplasms
  A giant cockroach (D:1)
  9 goblins
  5 hobgoblins
  7 kobolds
  5 ball pythons
  3 frilled lizards
  4 rats
55 creatures vanquished.

Notes
Turn   | Place    | Note
-------+----------+-------------------------------------------
     0 | D:1      | fireball365 the Minotaur Fighter began the quest for the
                  | Orb.
     0 | D:1      | Reached XP level 1. HP: 19/19 MP: 0/0
    62 | D:1      | Reached skill level 4 in Armour
    71 | D:1      | Reached XP level 2. HP: 19/27 MP: 1/1
   455 | D:1      | Found a faded altar of an unknown god.
   521 | D:1      | Reached XP level 3. HP: 28/33 MP: 2/2
   959 | D:2      | Found an opulent altar of Gozag.
   969 | D:2      | Became a worshipper of Gozag Ym Sagoz the Greedy
  1363 | D:2      | Reached XP level 4. HP: 39/40 MP: 3/3
  1689 | D:3      | Reached skill level 5 in Armour
  1689 | D:3      | HP: 2/40 [gnoll/+0 halberd (2)]
  1690 | D:3      | Succumbed to a goblin's poison

Illustrated notes

Levels and vault maps discovered:
D:1:      wander_arrival_desolate, layout_basic,
          shapermc_ecumenical_altar_hornbeckon, serial_bayou_lagoon_b
D:2:      layout_basic, basic_altar
D:3:      layout_basic, nicolae_overflow_hidden_temple, zin_scriptorium,
          portal_sewer_entry_b

Skill      XL: |  1  2  3  4 |
---------------+-------------+-----
Armour         | 4 5 |  5.0
Fighting       | 4 |  4.2
Shields        | 4 |  4.0
Axes           | 3 |  3.1
Dodging        | |  0.4
Stealth        | |  0.2

Action                     |  1- 3 |  4- 6 || total
---------------------------+-------+-------++-------
  Melee: War axe           |    98 |    19 ||   117
         Headbutt          |    11 |     2 ||    13
    Use: Scroll            |       |     1 ||     1
 Armour: Scale mail        |    42 |       ||    42
         Plate armour      |    44 |    18 ||    62
  Dodge: Dodged            |    62 |     7 ||    69
  Block: Buckler           |    22 |     9 ||    31
